 Dungeon Crawl Stone Soup version 0.25-a0-346-g140ab784a8 (webtiles) character file.

Game seed: 11351448235915870142, levelgen mode: classic

140924 Borgoz the Fencer (level 16, 0/149 HPs)
             Began as a Minotaur Fighter on Dec 31, 2019.
             Was the Champion of the Shining One.
             Collided with a sea snake (12 damage)
             ... caused by a merfolk aquamancer
             ... on level 1 of the Shoals.
             The game lasted 01:10:09 (27803 turns).

Borgoz the Fencer (Minotaur Fighter)               Turns: 27803, Time: 01:10:10

Health: 0/149      AC: 31    Str: 29    XL:     16   Next: 77%
Magic:  0/22       EV: 15    Int:  5    God:    the Shining One [******]
Gold:   2673       SH:  3    Dex: 21    Spells: 15/15 levels left

rFire    . . .     SeeInvis +   a - +9 great sword "Beastslayer" {slice, SInv Stlth+}
rCold    . . .     Gourm    .   (shield currently unavailable)
rNeg     + + +     Faith    .   g - +1 crystal plate armour
rPois    .         Spirit   +   F - +2 hat of the Bear Spirit {Spirit, +Rage rN+ MR++}
rElec    .         Reflect  +   y - scarf {Spirit}
rCorr    .         Harm     .   k - +1 pair of gloves {Dex+3}
MR       +++..                  C - +0 pair of boots {Stlth+}
Stlth    ..........             e - +3 amulet of reflection
HPRegen  0.00/turn              j - +4 ring of strength
MPRegen  0.18/turn              Q - +5 ring of dexterity

@: berserk cooldown, non-regenerating, mildly diseased, slowed, glowing, very
slow
A: retaliatory headbutt, horns 2
a: Divine Shield, Cleansing Flame, Summon Divine Warrior, Brand Weapon With Holy
Wrath, Renounce Religion, Evoke Berserk Rage


You were on level 1 of the Shoals.
You worshipped the Shining One.
The Shining One was exalted by your worship.
You were very hungry.

You visited 4 branches of the dungeon, and saw 24 of its levels.
You visited the Abyss 1 time.
You also visited: Ossuary and Ice Cave.

You collected 4103 gold pieces.
You spent 1430 gold pieces at shops.

Inventory:

Hand Weapons
 a - the +9 great sword "Beastslayer" (weapon) {slice, SInv Stlth+}
   (You found it on level 6 of the Lair of Beasts)

   It inflicts extra damage upon your enemies.
   It lets you see invisible.
   It makes you more stealthy.
 b - a +4 scimitar of flaming
Missiles
 u - 2 throwing nets (quivered)
Armour
 c - +0 fire dragon scales
 g - a +1 crystal plate armour (worn)
 k - a +1 pair of gloves of dexterity (worn)
 y - a scarf of spirit shield (worn)
 C - a +0 pair of boots of stealth (worn)
 F - the +2 hat of the Bear Spirit (worn) {Spirit, +Rage rN+ MR++}
   (You bought it in a shop on level 5 of the Dungeon)

   It protects you from negative energy.
   It affects your resistance to hostile enchantments.
   It lets you go berserk.
 U - +0 ice dragon scales
Jewellery
 e - a +3 amulet of reflection (around neck)
 j - a +4 ring of strength (left hand)
 x - an uncursed ring of ice
 A - the ring "Gac Monn" {*Corrode rElec rF+ MR+}
   (You found it on level 6 of the Dungeon)

   [ring of protection from fire]

   It protects you from fire.
   It insulates you from electricity.
   It affects your resistance to hostile enchantments.
   It may corrode you when you take damage.
 J - an uncursed ring of see invisible
 N - an uncursed ring of poison resistance
 Q - a +5 ring of dexterity (right hand)
Wands
 K - a wand of disintegration (26)
 T - a wand of paralysis (16)
 Y - a wand of iceblast (38)
Scrolls
 d - 4 scrolls of remove curse
 h - 6 scrolls of fog
 i - 14 scrolls of teleportation
 l - 3 scrolls of blinking
 r - 2 scrolls of fear
 s - 3 scrolls of identify
 E - 2 scrolls of summoning
 R - 5 scrolls of magic mapping
Potions
 o - 7 potions of flight
 p - 2 potions of haste
 t - 2 potions of resistance
 v - a potion of agility
 w - a potion of ambrosia
 G - 3 potions of heal wounds
 H - a potion of berserk rage
 L - a potion of might
 O - 2 potions of cancellation
 X - 2 potions of curing
Comestibles
 f - 51 rations
 m - 11 chunks of flesh


   Skills:
 + Level 15.1 Fighting
 + Level 16.4 Long Blades
 + Level 15.1 Armour
 + Level 13.6 Dodging
   Level 14.4 Shields
 + Level 10.4 Evocations


You had 15 spell levels left.
You didn't know any spells.
Your spell library contained the following spells:

 Spells                   Type           Power        Failure   Level  Hunger
 Beastly Appendage        Tmut           #.....       100%        1    ##.....
 Infusion                 Chrm           #...         100%        1    ##.....
 Sandblast                Erth           #.....       100%        1    ##.....
 Corpse Rot               Necr/Air       N/A          100%        2    ###....
 Shroud of Golubria       Chrm/Tloc      #.....       100%        2    ###....
 Song of Slaying          Chrm           #.......     100%        2    ###....
 Sticks to Snakes         Tmut           #.......     100%        2    ###....
 Regeneration             Chrm/Necr      #.........   100%        3    ####...
 Spectral Weapon          Hex/Chrm       #.......     100%        3    ####...
 Spider Form              Tmut/Pois      #.........   100%        3    ####...
 Stone Arrow              Conj/Erth      #.....       100%        3    ####...
 Ice Form                 Ice/Tmut       #.......     100%        4    #####..
 Petrify                  Tmut/Erth      #.......     100%        4    #####..
 Blade Hands              Tmut           #.........   100%        5    ######.
 Bolt of Magma            Conj/Fire/Erth #.........   100%        5    ######.
 Summon Forest            Summ/Tloc      #.........   100%        5    ######.
 Eringya's Noxious Bog    Tmut/Pois      #.........   100%        6    #######
 Hydra Form               Tmut           #.........   100%        6    #######
 Statue Form              Tmut/Erth      #........    100%        6    #######
 Summon Hydra             Summ           #.........   100%        7    #######


Dungeon Overview and Level Annotations

Branches:
Dungeon (15/15)            Temple (0/1) D:6            Lair (6/6) D:9
 Shoals (1/4) Lair:3        Snake (0/4) Lair:2        Slime (0/5) Lair:5
    Orc (2/2) D:10            Elf (0/3) Orc:2        Vaults (0/5) D:14
 Depths (0/5) D:15        Ossuary (visited)           IceCv (visited)

Altars:
Dithmenos
Gozag
Hepliaklqana
Ru
Sif Muna
Vehumet
The Shining One

Shops:
D:5 [   D:6 *   D:7 (%   D:8 *=}   D:10 ?   Orc:2 !!*:


Innate Abilities, Weirdness & Mutations

You reflexively headbutt those who attack you in melee.
You have a pair of horns on your head.


Message History

The merfolk aquamancer completely misses you.
You furiously retaliate!
You headbutt the merfolk aquamancer.
The sea snake bites you but does no damage.
The merfolk aquamancer points at you and mumbles some strange words.
The torrent of water hits you!!
* * * LOW HITPOINT WARNING * * *
You are knocked back by the torrent of water.
You collide with the sea snake!
* * * LOW HITPOINT WARNING * * *
Splash!
The wave splashes down.
You hear an angry hiss. x2; You hear a shout! x2; You hear an angry hiss.
You feel much better. The sea snake closely misses you.
The sea snake bites you but does no damage.
The merfolk aquamancer gestures at you while chanting.
The torrent of water hits you!!
* * * LOW HITPOINT WARNING * * *
You are knocked back by the torrent of water.
You collide with the sea snake!
You die...

≈≈≈...≈≈≈≈≈≈≈.......≈≈≈≈≈≈≈
≈≈≈.................≈≈≈≈≈≈≈
≈≈..###.......≈.....≈≈≈≈≈≈≈
≈≈≈.# ##.............≈..≈≈≈
≈≈≈≈## ##.......###..≈≈≈≈≈≈
.....## #####...# #....≈≈≈≈
......# ##.##..###.......≈
≈≈....# ......≈≈≈........≈
≈≈....# .?....m@S.....##..
≈≈≈≈..# #...≈≈≈E≈≈≈..## ≈
≈≈≈≈..# #..≈≈≈≈≈≈≈≈..#
......# #...≈≈≈≈≈≈≈≈....
..###..( ....≈≈≈≈≈≈≈≈...≈
..# #.≈ ...≈≈≈≈..(.....≈≈
..# ≈...≈≈..###....≈≈ ≈≈..
≈≈.....## #..≈≈ ≈...


You could see a sea snake, a merfolk aquamancer and a water elemental.

Vanquished Creatures
  2 tentacled starspawn (Abyss:4)
  Roxanne (D:15)
  A revenant (Abyss:4)
  A storm dragon (D:13)
  An orc warlord (Orc:1)
  Snorg (Lair:4)
  5 ogre magi
  An ettin (D:13)
  2 fire dragons
  4 ice dragons
  8 vault guards (D:14)
  2 tengu warriors
  8 hydras
  5 centaur warriors
  2 death knights (D:13)
  15 two-headed ogres
  Urug (Lair:3)
  3 thrashing horrors (Abyss:4)
  Sonja (Lair:3)
  An orc high priest (Orc:2)
  A spatial maelstrom (Abyss:4)
  5 unseen horrors
  4 skeletal warriors (D:12)
  A flayed ghost (D:13)
  2 sea snakes (Shoals:1)
  3 wolf spider zombies
  A wizard (D:13)
  4 harpies (Shoals:1)
  Pikel (D:5)
  An orc knight (D:15)
  2 lindwurms (Lair:6)
  2 deep elf magi
  19 ugly things
  9 orc sorcerers
  2 manticores
  5 cyclopes
  2 ice statues (IceCv)
  Joseph (Lair:1)
  5 black mambas
  A water nymph (Shoals:1)
  7 torpor snails
  7 spiny frogs
  A smoke demon (Abyss:4)
  A gargoyle (D:14)
  10 rime drakes
  A kobold demonologist (D:14)
  3 komodo dragons
  3 efreet
  A freezing wraith (D:13)
  An ancient zyme (Abyss:4)
  A meliai (shapeshifter) (D:14)
  A tengu conjurer (D:15)
  A meliai (D:13)
  8 trolls
  9 polar bears (Lair:6)
  3 tyrant leeches (Lair:6)
  3 wind drakes (Shoals:1)
  12 hippogriffs
  7 hornets
  12 blink frogs
  11 dream sheep
  4 raiju
  6 slime creatures
  A raiju (shapeshifter) (D:10)
  A dream sheep (shapeshifter) (D:13)
  A frost giant simulacrum (Abyss:4)
  Sigmund (D:6)
  3 water elementals (Shoals:1)
  2 wyverns
  70 yaks
  2 shadows
  A basilisk (Lair:3)
  A wraith (D:14)
  4 large abominations (Abyss:4)
  Grum (D:11)
  2 vampire mosquitoes (D:13)
  Eustachio (D:4)
  7 wargs
  Menkaure (D:6)
  A spatial vortex (Abyss:4)
  2 acid dragons
  5 nagas (Lair:2)
  15 hell hounds (Lair:6)
  A soldier ant (D:13)
  12 water moccasins
  8 porcupines
  19 ice beasts
  22 orc warriors
  3 sky beasts
  4 slaves
  2 necrophages (D:11)
  2 phantoms (D:4)
  11 black bears (Lair:6)
  An eye of draining (D:13)
  13 ogres
  22 wolves
  3 centaurs
  19 crocodiles
  5 big kobolds
  14 bullfrogs
  2 small abominations (Abyss:4)
  2 wyvern zombies (D:11)
  3 scorpions
  61 killer bees
  6 wights
  2 howler monkeys
  5 electric eels (Lair:3)
  5 centaur zombies
  9 crimson imps
  11 starcursed masses (Abyss:4)
  4 bullfrog zombies
  5 jellies
  2 quasits (D:13)
  16 orc priests
  4 bullfrog skeletons
  5 hounds
  41 orc wizards
  6 centaur skeletons
  Jessica (D:3)
  6 iguanas
  Natasha (thrice) (D:3)
  11 worker ants
  2 hound skeletons (D:5)
  8 mummies (Ossuary)
  A worker ant zombie (D:11)
  9 adders
  10 gnolls
  3 shadow imps
  12 white imps (D:15)
  An ooze (D:5)
  An adder zombie (D:7)
  2 worms
  A dart slug (D:1)
  5 leopard geckos
  75 orcs
  2 ball pythons
  2 bats
  8 giant cockroaches
  6 goblins
  7 hobgoblins
  6 jackals
  4 quokkas
  5 frilled lizards
  2 gnoll zombies (Ossuary)
  2 hobgoblin zombies (Ossuary)
  18 kobolds
  3 kobold zombies (Ossuary)
  An orc zombie (Ossuary)
  A quokka zombie (D:5)
  8 rats
  2 plants
949 creatures vanquished.

Vanquished Creatures (others)
  A centaur warrior (D:13)
  2 cyclopes
  A centaur (D:8)
  2 orcs (Orc:2)
  6 fungi
  13 plants
  9 starspawn tentacles (Abyss:4)
34 creatures vanquished.

Grand Total: 983 creatures vanquished

Notes
Turn   | Place    | Note
-------+----------+-------------------------------------------
     0 | D:1      | Borgoz the Minotaur Fighter began the quest for the Orb.
     0 | D:1      | Reached XP level 1. HP: 19/19 MP: 0/0
   327 | D:1      | Reached XP level 2. HP: 23/27 MP: 1/1
   357 | D:1      | Reached skill level 3 in Long Blades
   704 | D:1      | Reached skill level 1 in Dodging
   711 | D:1      | Reached XP level 3. HP: 33/33 MP: 2/2
  1680 | D:3      | Noticed Natasha
  1687 | D:3      | Killed Natasha
  1687 | D:3      | Reached XP level 4. HP: 40/40 MP: 3/3
  1911 | D:3      | Reached skill level 4 in Long Blades
  1980 | D:3      | Noticed Jessica
  1987 | D:3      | Killed Jessica
  1987 | D:3      | Reached XP level 5. HP: 47/47 MP: 4/4
  2101 | D:3      | Noticed Natasha
  2107 | D:3      | Killed Natasha
  2227 | D:3      | Found a glowing golden altar of the Shining One.
  2302 | D:3      | Noticed Natasha
  2307 | D:3      | Killed Natasha
  2524 | D:4      | Noticed a phantom
  2571 | D:4      | Killed a phantom
  2571 | D:4      | Reached skill level 5 in Long Blades
  2571 | D:4      | Reached XP level 6. HP: 20/53 MP: 5/5
  2589 | D:4      | Found a sand-covered staircase.
  2659 | Ossuary  | Entered an ossuary
  3378 | D:4      | Reached skill level 5 in Shields
  3399 | D:4      | Noticed Eustachio
  3412 | D:4      | Killed Eustachio
  3412 | D:4      | Reached skill level 5 in Fighting
  3412 | D:4      | Reached skill level 5 in Armour
  3412 | D:4      | Reached XP level 7. HP: 53/61 MP: 6/6
  3451 | D:3      | Became a worshipper of the Shining One
  3554 | D:4      | Found a sacrificial altar of Ru.
  3821 | D:4      | Found an opulent altar of Gozag.
  4024 | D:4      | Reached skill level 6 in Long Blades
  4190 | D:5      | Entered Level 5 of the Dungeon
  4495 | D:5      | Reached skill level 7 in Long Blades
  4495 | D:5      | Reached XP level 8. HP: 41/70 MP: 7/7
  4599 | D:5      | Noticed Pikel
  4790 | D:6      | Noticed Sigmund
  4801 | D:6      | Killed Sigmund
  4901 | D:6      | Found a staircase to the Ecumenical Temple.
  5109 | D:5      | Reached * piety under the Shining One
  5133 | D:5      | Reached skill level 8 in Long Blades
  5236 | D:5      | Found a shadowy altar of Dithmenos.
  5310 | D:5      | Found Neje's Armour Emporium.
  5354 | D:5      | Found a hazy altar of Hepliaklqana.
  5354 | D:5      | Found a shimmering blue altar of Sif Muna.
  5759 | D:6      | Noticed Menkaure
  5769 | D:6      | Killed Menkaure
  6002 | D:6      | Found Foibam's Assorted Antiques.
  6019 | D:6      | Reached XP level 9. HP: 78/78 MP: 8/8
  6149 | D:6      | Got a fine wooden ring
  6183 | D:7      | Found Niuhyits's Weapon Shoppe.
  6212 | D:7      | Reached skill level 5 in Dodging
  6241 | D:7      | Reached skill level 9 in Long Blades
  6372 | D:7      | Found a radiant altar of Vehumet.
  6498 | D:7      | Found Goynk's Food Shoppe.
  6531 | D:7      | Identified the ring "Gac Monn" {*Corrode rElec rF+ MR+}
                  | (You found it on level 6 of the Dungeon)
  7077 | D:8      | Found Maxocwik's Jewellery Boutique.
  7102 | D:8      | Found Xofuwuq's Gadget Boutique.
  7204 | D:8      | Found Myoc's General Store.
  7278 | D:8      | Reached ** piety under the Shining One
  7620 | D:9      | Reached skill level 10 in Long Blades
  8068 | D:9      | Reached XP level 10. HP: 88/88 MP: 9/9
  8110 | D:9      | Noticed a three-headed hydra
  8233 | D:5      | Bought the +2 hat of the Bear Spirit {Spirit, +Rage rN+
                  | MR++} for 508 gold pieces
  8233 | D:5      | Found the +2 hat of the Bear Spirit {Spirit, +Rage rN+
                  | MR++}
  8321 | D:5      | Killed Pikel
  8759 | D:10     | Entered Level 10 of the Dungeon
  8759 | D:10     | Found a staircase to the Orcish Mines.
  8759 | D:10     | Noticed a two-headed ogre
  8769 | D:10     | Killed a two-headed ogre
  8769 | D:10     | Reached skill level 11 in Long Blades
  8778 | D:9      | Reached skill level 1 in Evocations
  9045 | D:10     | Noticed an unseen horror
  9051 | D:10     | Killed an unseen horror
  9322 | D:10     | Noticed an unseen horror
  9333 | D:10     | Killed an unseen horror
  9356 | D:10     | Reached XP level 11. HP: 94/97 MP: 11/11
  9367 | D:10     | Noticed a seven-headed hydra
  9439 | D:11     | Noticed an ogre mage
  9440 | D:11     | Noticed a two-headed ogre
  9450 | D:11     | Killed an ogre mage
  9450 | D:11     | Reached *** piety under the Shining One
  9456 | D:11     | Killed a two-headed ogre
  9633 | D:11     | Noticed a centaur warrior
  9637 | D:11     | Killed a centaur warrior
  9681 | D:11     | Reached skill level 12 in Long Blades
  9792 | D:11     | Noticed Grum
  9817 | D:11     | Killed Grum
  9967 | D:10     | Found Muetello's Magic Scroll Emporium.
  9994 | D:10     | Bought a scroll of teleportation for 33 gold pieces
 10136 | D:10     | Reached skill level 10 in Shields
 10216 | D:10     | Reached skill level 10 in Fighting
 10232 | D:10     | Reached skill level 10 in Armour
 10341 | D:11     | Reached **** piety under the Shining One
 10410 | D:11     | Noticed a brown ugly thing
 10415 | D:11     | Killed a brown ugly thing
 10424 | D:11     | Noticed an eight-headed hydra
 10450 | D:12     | Noticed an unseen horror
 10461 | D:12     | Killed an unseen horror
 10461 | D:12     | Reached XP level 12. HP: 89/106 MP: 11/14
 10970 | D:12     | Reached skill level 5 in Evocations
 11343 | D:13     | Reached ***** piety under the Shining One
 11397 | D:13     | Noticed a centaur warrior
 11404 | D:13     | Killed a centaur warrior
 11404 | D:13     | Reached skill level 13 in Long Blades
 11481 | D:13     | Noticed a tengu warrior
 11487 | D:13     | Killed a tengu warrior
 11513 | D:13     | Noticed a centaur warrior
 11517 | D:13     | Killed a centaur warrior
 11548 | D:13     | Noticed a death knight
 11558 | D:13     | Killed a death knight
 11772 | D:13     | Noticed a centaur warrior
 11779 | D:13     | Killed a centaur warrior
 11779 | D:13     | Reached XP level 13. HP: 101/116 MP: 13/16
 12135 | D:13     | Noticed a fire dragon
 12135 | D:13     | Noticed an ettin
 12135 | D:13     | Noticed a storm dragon
 12149 | D:13     | Reached skill level 10 in Dodging
 12152 | D:13     | Noticed a spark wasp
 12152 | D:13     | a fire dragon changed into a spark wasp
 12152 | D:13     | Killed an ettin
 12153 | D:13     | a spark wasp changed into an ice dragon
 12156 | D:13     | Noticed a spark wasp
 12156 | D:13     | an ice dragon changed into a spark wasp
 12162 | D:13     | a spark wasp changed into a six-headed hydra
 12164 | D:13     | Noticed a ghost moth
 12164 | D:13     | a six-headed hydra changed into a ghost moth
 12165 | D:13     | Noticed an emperor scorpion
 12165 | D:13     | a ghost moth changed into an emperor scorpion
 12167 | D:13     | Noticed a storm dragon
 12167 | D:13     | an emperor scorpion changed into a storm dragon
 12173 | D:13     | a storm dragon changed into a queen ant
 12661 | D:13     | Noticed a fire dragon
 12674 | D:13     | Killed a fire dragon
 12684 | D:13     | Killed a storm dragon
 13142 | D:13     | Found the +8 glaive of the Guard {elec, +Rage AC+5 SInv}
 13664 | D:14     | Found a gate to the Vaults.
 13678 | D:14     | Reached skill level 14 in Long Blades
 14092 | D:14     | Reached XP level 14. HP: 127/127 MP: 18/18
 14925 | D:15     | Entered Level 15 of the Dungeon
 14929 | D:15     | Reached ****** piety under the Shining One
 14995 | D:15     | Identified 2 scrolls of acquirement
 15139 | D:15     | Found a frozen archway.
 15250 | IceCv    | Entered an ice cave
 16369 | D:15     | Identified Roxanne's Incunabulum of the Mountains
 16369 | D:15     | Noticed Roxanne
 16615 | D:15     | Reached XP level 15. HP: 135/136 MP: 20/20
 16658 | D:15     | Killed Roxanne
 16658 | D:15     | Reached skill level 15 in Long Blades
 16708 | D:15     | Found a staircase to the Depths.
 17648 | D:10     | Bought a scroll of magic mapping for 38 gold pieces
 17648 | D:10     | Bought a scroll of blinking for 82 gold pieces
 17916 | D:9      | Found a staircase to the Lair.
 18172 | Lair:1   | Entered Level 1 of the Lair of Beasts
 18484 | Lair:1   | Noticed Joseph
 18498 | Lair:1   | Killed Joseph
 19172 | Lair:2   | Found a staircase to the Snake Pit.
 19244 | Lair:2   | Got a heavily runed ring mail
 19245 | Lair:2   | Identified the +3 ring mail of Ywnory {rElec MP-9 Str+4}
                  | (You found it on level 2 of the Lair of Beasts)
 19921 | Lair:3   | Noticed Sonja
 20360 | Lair:3   | Noticed Urug
 20374 | Lair:3   | Killed Urug
 20541 | Lair:3   | Killed Sonja
 20651 | Lair:3   | Found a staircase to the Shoals.
 21506 | Lair:4   | Noticed Snorg
 21515 | Lair:4   | Killed Snorg
 22674 | Lair:5   | Found a staircase to the Slime Pits.
 23309 | Lair:5   | Identified the cursed +1 chain mail "Ydikol" {rCorr Slay+2}
 23343 | Lair:6   | Entered Level 6 of the Lair of Beasts
 23875 | Lair:6   | Reached XP level 16. HP: 146/146 MP: 22/22
 24320 | Lair:6   | Found a runed translucent door.
 24857 | Lair:6   | Got a crystal great sword
 24864 | Lair:6   | Identified the +9 great sword "Beastslayer" {slice, SInv
                  | Stlth+} (You found it on level 6 of the Lair of Beasts)
 25277 | D:8      | Bought a +1 pair of gloves of dexterity for 264 gold pieces
 25320 | Orc:1    | Entered Level 1 of the Orcish Mines
 25346 | Orc:1    | Reached skill level 16 in Long Blades
 25690 | Orc:2    | Entered Level 2 of the Orcish Mines
 25913 | Orc:2    | Reached skill level 10 in Evocations
 26251 | Orc:2    | Found Bazucautz's Distillery.
 26251 | Orc:2    | Found Penocvumud's Distillery.
 26261 | Orc:2    | Found Dethezul's Book Emporium.
 26261 | Orc:2    | Found Ledoixoy's Assorted Antiques.
 26429 | Orc:2    | Bought a potion of haste for 150 gold pieces
 26429 | Orc:2    | Bought a potion of heal wounds for 75 gold pieces
 26431 | Orc:2    | Bought a scroll of teleportation for 105 gold pieces
 26431 | Orc:2    | Bought a potion of heal wounds for 175 gold pieces
 26714 | Orc:2    | Found a staircase to the Elven Halls.
 27108 | Shoals:1 | Entered Level 1 of the Shoals
 27690 | Shoals:1 | Cast into level 3 of the Abyss (merfolk impaler)
 27695 | Abyss:4  | Found a corrupted altar of Lugonu.
 27712 | Abyss:4  | Noticed a tentacled starspawn
 27719 | Abyss:4  | Killed a tentacled starspawn
 27719 | Abyss:4  | Reached skill level 15 in Armour
 27741 | Abyss:4  | Noticed a tentacled starspawn
 27762 | Abyss:4  | Reached skill level 15 in Fighting
 27778 | Abyss:4  | Killed a tentacled starspawn
 27802 | Shoals:1 | Escaped the Abyss
 27803 | Shoals:1 | Collided with a sea snake

Levels and vault maps discovered:
D:1:      minmay_arrival_wavy_path, layout_basic
D:2:      layout_loops_corners, minmay_diced_spiral
D:3:      wad_lake_hut, layout_basic, tso_altar, uniq_natasha, uniq_jessica
D:4:      layout_gridville, nicolae_ru_sacrificial_ziggurat,
          nicolae_gozag_cash_rules_everything_around_me,
          nicolae_ossuary_entry_false_entrances, first_ration, uniq_eustachio
D:5:      layout_cave_pools, nicolae_dithmenos_the_darkroom,
          gammafunk_temple_overflow_elements, serial_shops,
          nicolae_shop_crystal, uniq_pikel
D:6:      layout_loops_ring, minmay_temple_entry_waves, serial_shops,
          nicolae_shop_crystal, uniq_menkaure, uniq_sigmund
D:7:      layout_basic, basic_altar, serial_shops, shop, shop_statue
D:8:      layout_loops_cross, serial_shops, nicolae_shop_window_shopping,
          nicolae_shop_crystal, nicolae_shop_crystal
D:9:      layout_irregular_city, erik_lair_dragon, hangedman_ranch
          [blue_anna_fruit_fields]
D:10:     layout_roguey, orc_0_dummy, serial_shops, shop, minmay_checkerbox
D:11:     layout_irregular_city, serial_undead, serial_undead_b,
          serial_undead_b, serial_undead_e, serial_undead_b, serial_undead_d,
          serial_undead_c, serial_undead_e, serial_undead_f,
          lightli_fourway_metalbox, uniq_grum
D:12:     layout_roguey, serial_curves, eino_curves_03, eino_curves_03,
          minmay_crystal_room
D:13:     minmay_guarded_unrand_guard, layout_layer_cave,
          minmay_shattered_shrine
D:14:     layout_basic, erik_vaults_2, chequers_mini_garden
D:15:     grunt_enter_depths_hoard, layout_irregular_city,
          portal_ice_cave_entry_imps, uniq_roxanne
Lair:1:   layout_regular_city, minmay_holes, grunt_megastairs_3,
          serial_bayou_shore_b, uniq_joseph
Lair:2:   layout_small_grid, minmay_snake_entry_guardpost_medium
Lair:3:   layout_cave_pods, elwin_shoals_entry_rooms, disabler_island,
          grunt_megastairs_5, uniq_sonja, uniq_urug
Lair:4:   layout_small_grid, uniq_snorg
Lair:5:   wad_woods_minihive, layout_gridlike, minmay_slime_entry_pillars
Lair:6:   wormcave, layout_loops_ring, hangedman_lair_caniforms_friends,
          minmay_lair_drake_nest, infiniplex_staircase_pool_2
Shoals:1: layout_shoals
Orc:1:    layout_caves
Orc:2:    st_orc_mages, layout_caves

Skill      XL: |  1  2  3  4  5  6  7  8  9 10 11 12 13 14 15 16 |
---------------+-------------------------------------------------+-----
Long Blades    | 3 4 5 7 8 10 11 12 13 14 15 16 | 16.4
Dodging        | 1 2 3 4 6 7 8 9 10 11 12 13 | 13.6
Fighting       | 4 5 6 7 9 10 11 12 13 14 15 | 15.1
Shields        | 4 5 6 8 9 10 11 12 13 14 | 14.4
Armour         | 4 5 6 7 9 10 11 12 13 14 15 | 15.1
Evocations     | 2 4 5 7 8 9 10 | 10.4

Action                   |  1- 3 |  4- 6 |  7- 9 | 10-12 | 13-15 | 16-18 || total
-------------------------+-------+-------+-------+-------+-------+-------++-------
Melee: Long sword        |    94 |   115 |   329 |   259 |       |       ||   797
       Headbutt          |    10 |    20 |    84 |   161 |   358 |   133 ||   766
       Scimitar          |       |       |       |   303 |   416 |       ||   719
       Double sword      |       |       |       |       |   838 |   173 ||  1011
       Great sword       |       |       |       |       |       |   242 ||   242
 Abil: Evoke Berserk Rag |       |       |       |     3 |     5 |     1 ||     9
Evoke: Wand              |       |       |       |       |     2 |       ||     2
  Use: Potion            |       |     1 |     5 |     3 |     5 |     3 ||    17
       Scroll            |       |       |    13 |     6 |    17 |     1 ||    37
  Eat: Chunk             |     2 |     3 |    15 |    15 |    41 |    13 ||    89
       Ration            |       |     1 |       |       |     1 |       ||     2
Armor: Scale mail        |    34 |    37 |   105 |   126 |    37 |       ||   339
       Plate armour      |       |       |       |       |    76 |       ||    76
       Crystal plate arm |       |       |       |       |   292 |   231 ||   523
Dodge: Dodged            |    33 |    48 |   132 |   180 |   386 |   238 ||  1017
Block: Shield            |    62 |    47 |   248 |   418 |   990 |   128 ||  1893
       Reflection        |       |       |     5 |    15 |    31 |     1 ||    52
       Other             |       |       |       |       |       |    39 ||    39
       Rpst.: Long sword |     9 |    10 |    28 |    23 |       |       ||    70
       Scimitar          |       |       |       |    15 |    23 |       ||    38
       Double sword      |       |       |       |       |    61 |    13 ||    74
       Great sword       |       |       |       |       |       |    50 ||    50

Table legend:
 A = Non-vault XP
 B = Vault XP
 C = Vault XP percentage of total XP
 D = Non-vault monster count
 E = Vault monster count
 F = Vault count percentage of total count
                 A         B        C        D         E       F
            +---------+---------+-------+---------+---------+-------
      Total |  115626 |   85694 |  42.6 |     613 |     333 |  35.2
            +---------+---------+-------+---------+---------+-------
        D:1 |      42 |       0 |   0.0 |      24 |       0 |   0.0
        D:2 |      24 |      21 |  46.7 |      15 |       5 |  25.0
        D:3 |     147 |      72 |  32.9 |      10 |       2 |  16.7
        D:4 |     336 |     176 |  34.4 |      14 |       1 |   6.7
        D:5 |     848 |     629 |  42.6 |      23 |       1 |   4.2
        D:6 |     661 |     400 |  37.7 |      28 |       2 |   6.7
        D:7 |     553 |       0 |   0.0 |      14 |       0 |   0.0
        D:8 |    1110 |       0 |   0.0 |      16 |       0 |   0.0
        D:9 |     999 |    2696 |  73.0 |      26 |      12 |  31.6
       D:10 |    6273 |    1974 |  23.9 |      45 |       4 |   8.2
       D:11 |    4440 |    4023 |  47.5 |      29 |      15 |  34.1
       D:12 |    6614 |     127 |   1.9 |      21 |       1 |   4.5
       D:13 |    7621 |   16605 |  68.5 |      36 |      27 |  42.9
       D:14 |   12383 |    7985 |  39.2 |      37 |       8 |  17.8
       D:15 |   24845 |    4183 |  14.4 |      54 |      15 |  21.7
     Lair:1 |    3359 |    1791 |  34.8 |      18 |       8 |  30.8
     Lair:2 |    4421 |     772 |  14.9 |      19 |       5 |  20.8
     Lair:3 |    2767 |    2134 |  43.5 |      15 |       8 |  34.8
     Lair:4 |    1093 |    1112 |  50.4 |       9 |       1 |  10.0
     Lair:5 |    7619 |    3402 |  30.9 |      26 |      52 |  66.7
     Lair:6 |    9405 |   17980 |  65.7 |      35 |      76 |  68.5
   Shoals:1 |    8187 |       0 |   0.0 |      20 |       0 |   0.0
      Orc:1 |    4759 |      42 |   0.9 |      30 |       1 |   3.2
      Orc:2 |    3497 |    4669 |  57.2 |      33 |      40 |  54.8
    Abyss:4 |    3623 |    9316 |  72.0 |      16 |      13 |  44.8
    Ossuary |       0 |     155 | 100.0 |       0 |      16 | 100.0
      IceCv |       0 |    5430 | 100.0 |       0 |      20 | 100.0
            +---------+---------+-------+---------+---------+-------
